 Dungeon Crawl Stone Soup version 0.24-a0-350-g5b3daab8ba (webtiles) character file.

Game seed: 9196070311998176142

48046 nikopol the Eclecticist (level 14, -3/70 HPs)
             Began as a Deep Elf Fire Elementalist on May 23, 2019.
             Was a Follower of Vehumet.
             Slain by a seven-headed hydra (16 damage)
             ... on level 6 of the Lair of Beasts.
             The game lasted 01:10:10 (19863 turns).

nikopol the Eclecticist (DEFE)                     Turns: 19863, Time: 01:10:11

Health: -3/70      AC:  5    Str:  5    XL:     14   Next: 10%
Magic:  26/37      EV: 21    Int: 30    God:    Vehumet [*.....]
Gold:   920        SH:  5    Dex: 15    Spells: 27/47 levels left

rFire    + . .     SeeInvis .   O - staff of energy
rCold    + . .     Gourm    .   i - +0 buckler
rNeg     . . .     Faith    .   h - +2 robe {rF+}
rPois    .         Spirit   .   I - +0 hat of Unouffau {Int+4} (curse)
rElec    .         Reflect  .   (no cloak)
rCorr    .         Harm     .   (no gloves)
MR       +....                  a - +0 pair of boots (curse)
Stlth    +++.......             l - amulet of magic regeneration
HPRegen  0.21/turn              A - +5 ring of evasion
MPRegen  0.50/turn              E - ring of protection from cold

@: hasted, very quick
A: no striking features
a: Renounce Religion


You were on level 6 of the Lair of Beasts.
You worshipped Vehumet.
Vehumet was aware of your devotion.
You were not hungry.

You visited 3 branches of the dungeon, and saw 17 of its levels.
You also visited: Sewer.

You collected 1173 gold pieces.
You spent 253 gold pieces at shops.

Inventory:

Hand Weapons
 Q - the +10 rapier of Yzadocs {pierce, rPois}
   (You found it on level 5 of the Lair of Beasts)

   It inflicts extra damage upon your enemies.
   It protects you from poison.
Armour
 a - a cursed +0 pair of boots (worn)
 h - a +2 robe of fire resistance (worn)
 i - a +0 buckler (worn)
 I - the cursed +0 hat of Unouffau (worn) {Int+4}
   (You found it on level 2 of the Lair of Beasts)

   It affects your intelligence (+4).
   It has a curse placed upon it.
Magical Staves
 O - an uncursed staff of energy (weapon)
Jewellery
 l - an amulet of magic regeneration (around neck)
 A - a +5 ring of evasion (left hand)
 E - a ring of protection from cold (right hand)
 F - an uncursed amulet of the acrobat {unknown}
Wands
 s - a wand of disintegration (14)
 x - a wand of iceblast (19)
 y - a wand of digging (6)
 D - a wand of paralysis (9)
 K - a wand of clouds (4)
 M - a wand of random effects (19)
 P - a wand of flame (21)
Scrolls
 d - 11 scrolls of remove curse
 j - 4 scrolls of teleportation
 k - 3 scrolls of amnesia {unknown}
 p - a scroll of silence {unknown}
 r - 4 scrolls of enchant weapon {unknown}
 t - 5 scrolls of enchant armour
 u - 2 scrolls of fear {unknown}
 v - 3 scrolls of fog
 B - 4 scrolls of magic mapping {unknown}
 H - 2 scrolls of holy word {unknown}
 J - 2 scrolls of blinking {unknown}
 L - 6 scrolls of identify
Potions
 b - 5 potions of flight
 e - a potion of might
 f - 5 potions of heal wounds
 g - 5 potions of ambrosia
 m - 6 potions of cancellation
 n - a potion of agility
 o - a potion of mutation {unknown}
 q - 4 potions of magic
 w - a potion of curing
 z - a potion of experience {unknown}
 C - a potion of haste
 G - a potion of resistance
 N - a potion of brilliance
Comestibles
 c - 25 rations
 R - 12 chunks of flesh


   Skills:
 + Level 1.5 Fighting
 + Level 6.1 Dodging
 + Level 5.3 Stealth
 + Level 5.5 Shields
 + Level 17.4 Spellcasting
 + Level 14.0 Conjurations
 + Level 0.6 Hexes
 + Level 13.8 Fire Magic


You had 27 spell levels left.
You knew the following spells:

 Your Spells              Type           Power        Failure   Level  Hunger
a - Flame Tongue          Conj/Fire      #####        0%          1    None
b - Throw Flame           Conj/Fire      ######       0%          2    None
c - Conjure Flame         Conj/Fire      #######.     0%          3    None
d - Sticky Flame          Conj/Fire      #######.     1%          4    None
e - Fireball              Conj/Fire      #######...   1%          5    None
f - Dazzling Spray        Conj/Hex       ######       1%          3    None
g - Blink                 Tloc           N/A          2%          2    None

Your spell library contained the following spells:

 Spells                   Type           Power        Failure   Level  Hunger
 Freeze                   Ice            ####         1%          1    None
 Magic Dart               Conj           ####         0%          1    None
 Corona                   Hex            ####...      1%          1    None
 Slow                     Hex            ####....     1%          2    None
 Inner Flame              Hex/Fire       ######..     1%          3    None
 Mephitic Cloud           Conj/Pois/Air  ######..     1%          3    None
 Call Imp                 Summ           ####....     2%          2    None
 Ensorcelled Hibernation  Hex/Ice        ####..       2%          2    None
 Confuse                  Hex            ####....     3%          3    None
 Tukima's Dance           Hex            ####....     3%          3    None


Dungeon Overview and Level Annotations

Branches:
Dungeon (10/15)            Temple (1/1) D:6            Lair (6/6) D:8
  Swamp (0/4) Lair:4        Snake (0/4) Lair:2        Slime (0/5) Lair:5
    Orc (0/2) D:10

Altars:
Ashenzari
Cheibriados
Dithmenos
Elyvilon
Fedhas
Gozag
Hepliaklqana
Kikubaaqudgha
Makhleb
Nemelex Xobeh
Okawaru
Qazlal
Ru
Sif Muna
Trog
Uskayaw
Vehumet
Wu Jian
Xom
Yredelemnul
Zin
The Shining One
Jiyva
Lugonu

Shops:
D:4 !   D:8 =%*   D:10 (

Annotations:
Lair:5 1 runed translucent door


Message History

The seven-headed hydra is lightly wounded.
The seven-headed hydra is covered in liquid flames!
The seven-headed hydra burns!
The seven-headed hydra bites you!
The seven-headed hydra barely misses you.
The seven-headed hydra completely misses you.
The seven-headed hydra closely misses you.
You block the seven-headed hydra's attack.
The seven-headed hydra completely misses you.
The seven-headed hydra bites you!
Okay, then.
You feel yourself speed up.
The seven-headed hydra burns!
The seven-headed hydra completely misses you.
The seven-headed hydra bites you. The seven-headed hydra misses you.
The seven-headed hydra bites you!
* * * LOW HITPOINT WARNING * * *
The seven-headed hydra closely misses you.
The seven-headed hydra bites you!
* * * LOW HITPOINT WARNING * * *
The seven-headed hydra bites you!
You die...

......)...........#...
...................#....
........................
........................
#.......................
#.......................
...........รท............
........................
.......@####............
.......#D# ###...<.....P
....... #.# #.......###
................ ##
#......##
................
#P.......#
...#............
#.......##
................
#........
................
#P......#.
.5...l..........
#P.........


You could see a seven-headed hydra (burning).

Vanquished Creatures
  Erolcha (D:10)
  3 hydras
  9 death yaks
  2 two-headed ogres
  A sea snake (Lair:6)
  4 oklob plants (Lair:3)
  Joseph (D:10)
  6 black mambas
  6 elephants
  Psyche (D:10)
  10 spiny frogs
  14 rime drakes
  8 komodo dragons
  4 polar bears
  2 trolls (D:9)
  A hornet (Lair:6)
  Prince Ribbit (D:9)
  21 blink frogs
  2 hippogriffs
  3 bog bodies (Lair:4)
  11 dream sheep
  3 wyverns
  3 hungry ghosts
  28 yaks
  Grum (D:8)
  9 steam dragons (Lair:2)
  Edmund (D:6)
  2 swamp worms (Lair:4)
  2 nagas (Lair:2)
  10 water moccasins
  8 porcupines
  A black bear (D:10)
  4 ice beasts
  3 orc warriors
  2 sky beasts
  4 ogres
  10 wolves
  10 crocodiles
  2 centaurs (D:5)
  Blork the orc (D:6)
  A wyvern zombie (D:8)
  3 big kobolds
  11 bullfrogs
  2 scorpions (D:9)
  13 killer bees
  5 wights
  6 jellies
  2 howler monkeys (D:4)
  3 electric eels
  3 crimson imps
  A bullfrog skeleton (D:6)
  4 orc priests
  5 hounds
  A centaur skeleton (D:9)
  5 iguanas
  9 orc wizards
  8 worker ants
  2 hound skeletons
  A hound zombie (D:5)
  7 gnolls
  13 adders
  4 river rats
  3 shadow imps
  2 white imps (Lair:6)
  An adder zombie (D:6)
  An adder skeleton (D:8)
  3 worms
  2 dart slugs
  10 leopard geckos
  36 orcs
  7 bats
  9 giant cockroaches
  11 goblins
  6 hobgoblins
  21 jackals
  12 kobolds
  4 quokkas
  A ball python (D:2)
  11 frilled lizards
  A leopard gecko skeleton (D:8)
  10 rats
  4 fungi
  7 plants
486 creatures vanquished.

Vanquished Creatures (others)
  5 fungi
  12 plants
17 creatures vanquished.

Grand Total: 503 creatures vanquished

Notes
Turn   | Place    | Note
-------+----------+-------------------------------------------
     0 | D:1      | nikopol the Deep Elf Fire Elementalist began the quest for
                  | the Orb.
     0 | D:1      | Reached XP level 1. HP: 10/10 MP: 6/6
   189 | D:1      | Reached XP level 2. HP: 15/15 MP: 4/8
   798 | D:2      | Found a shattered altar of Ashenzari.
   822 | D:2      | Reached XP level 3. HP: 19/19 MP: 6/9
   826 | D:2      | Learned a level 2 spell: Throw Flame
   830 | D:2      | Learned a level 3 spell: Conjure Flame
  1034 | D:2      | Found a bloodstained altar of Trog.
  1343 | D:2      | Reached XP level 4. HP: 22/24 MP: 5/11
  1834 | D:3      | Found a glowing drain.
  1850 | Sewer    | Entered a sewer
  2074 | Sewer    | Noticed a big kobold
  2088 | Sewer    | Killed a big kobold
  2088 | Sewer    | Reached skill level 4 in Spellcasting
  2088 | Sewer    | Reached XP level 5. HP: 19/28 MP: 7/13
  2098 | Sewer    | Reached skill level 1 in Shields
  2201 | Sewer    | Found a white marble altar of Elyvilon.
  2483 | D:3      | Reached skill level 5 in Fire Magic
  2489 | D:3      | Learned a level 4 spell: Sticky Flame
  2751 | D:3      | Reached XP level 6. HP: 32/32 MP: 7/15
  3356 | D:3      | Found a glowing silver altar of Zin.
  3593 | D:4      | Noticed a +0 hand axe
  3594 | D:4      | Noticed a +0 hand axe
  3597 | D:4      | Found a hide-covered altar of Uskayaw.
  3620 | D:4      | Reached skill level 5 in Spellcasting
  3798 | D:4      | Reached XP level 7. HP: 36/36 MP: 12/17
  4244 | D:4      | Found Rorghiezu's Distillery.
  4247 | D:4      | Bought a potion of heal wounds for 55 gold pieces
  4247 | D:4      | Bought a potion of heal wounds for 55 gold pieces
  4247 | D:4      | Bought a potion of ambrosia for 88 gold pieces
  4247 | D:4      | Bought a potion of heal wounds for 55 gold pieces
  4488 | D:5      | Entered Level 5 of the Dungeon
  4570 | D:5      | Reached skill level 6 in Spellcasting
  4678 | D:5      | Learned a level 5 spell: Fireball
  4682 | D:5      | Learned a level 3 spell: Dazzling Spray
  4872 | D:5      | Reached XP level 8. HP: 42/42 MP: 15/19
  5111 | D:5      | Reached skill level 5 in Conjurations
  5860 | D:6      | Reached skill level 7 in Spellcasting
  5934 | D:6      | Found a staircase to the Ecumenical Temple.
  5942 | Temple   | Entered the Ecumenical Temple
  6151 | D:6      | Noticed Blork the orc
  6163 | D:6      | Killed Blork the orc
  6445 | D:6      | Found an ornate altar of the Wu Jian Council.
  6558 | D:6      | Noticed Edmund
  6573 | D:6      | Killed Edmund
  6573 | D:6      | Reached skill level 8 in Spellcasting
  6922 | D:7      | Reached XP level 9. HP: 41/46 MP: 17/23
  7127 | D:7      | Found a sparkling altar of Nemelex Xobeh.
  7368 | D:7      | Found a snail-covered altar of Cheibriados.
  7597 | D:7      | Reached skill level 9 in Spellcasting
  7772 | D:8      | Found an opulent altar of Gozag.
  7820 | D:8      | Noticed a death yak
  7821 | D:8      | Noticed a death yak
  8058 | D:8      | Found Acolox's Jewellery Shop.
  8077 | D:8      | Noticed Grum
  8117 | D:8      | Found a staircase to the Lair.
  8336 | D:8      | Found a deep blue altar of Sif Muna.
  8349 | D:8      | Found Isacaz's Food Shop.
  8369 | D:8      | Reached XP level 10. HP: 51/51 MP: 12/25
  8438 | D:8      | Found Nuixeomu's Assorted Antiques.
  8609 | D:8      | Noticed a death yak
  8624 | D:8      | HP: 1/51 [death yak (25)]
  8629 | D:8      | Killed a death yak
  8629 | D:8      | Reached skill level 10 in Spellcasting
  8877 | D:8      | Killed Grum
  8879 | D:8      | Reached skill level 5 in Shields
  8955 | D:8      | Killed a death yak
  9239 | D:8      | Killed a death yak
  9239 | D:8      | Reached skill level 1 in Fighting
  9461 | Lair:1   | Entered Level 1 of the Lair of Beasts
  9472 | Lair:1   | Reached skill level 11 in Spellcasting
  9623 | Lair:1   | Reached XP level 11. HP: 54/56 MP: 6/28
  9703 | Lair:1   | Noticed a six-headed hydra
  9948 | Lair:1   | Found an opulent altar of Gozag.
  9951 | Lair:1   | You fall into a shaft and drop 1 floor!
 10011 | Lair:2   | Reached skill level 10 in Fire Magic
 10315 | Lair:1   | HP: 1/56 [six-headed hydra (14)]
 10321 | Lair:1   | Killed a six-headed hydra
 10321 | Lair:1   | Reached skill level 12 in Spellcasting
 10835 | Lair:2   | Reached skill level 10 in Conjurations
 11183 | Lair:2   | Reached skill level 5 in Dodging
 11723 | Lair:2   | Reached skill level 13 in Spellcasting
 11837 | Lair:2   | Found a staircase to the Snake Pit.
 12288 | Lair:2   | Got a jewelled hat
 12294 | Lair:2   | Identified the cursed +0 hat of Unouffau {Int+4} (You found
                  | it on level 2 of the Lair of Beasts)
 12501 | Lair:2   | Got a jewelled chain mail
 12633 | Lair:3   | Noticed an oklob plant
 12656 | Lair:3   | Reached XP level 12. HP: 61/61 MP: 19/31
 12662 | Lair:2   | Learned a level 2 spell: Blink
 12783 | Lair:3   | Noticed an eight-headed hydra
 12787 | Lair:3   | Killed an eight-headed hydra
 12980 | Lair:3   | Reached skill level 14 in Spellcasting
 13033 | Lair:3   | Noticed a death yak
 13033 | Lair:3   | Noticed a death yak
 13046 | Lair:3   | Noticed a death yak
 13049 | Lair:3   | Killed a death yak
 13053 | Lair:3   | Noticed a death yak
 13061 | Lair:3   | Killed a death yak
 13081 | Lair:3   | Killed a death yak
 13083 | Lair:3   | Noticed a death yak
 13085 | Lair:3   | Noticed a death yak
 13413 | Lair:3   | Identified the +1 chain mail of the Saviour {MR+ Str+2}
                  | (You found it on level 2 of the Lair of Beasts)
 13762 | Lair:3   | Killed a death yak
 13765 | Lair:3   | Killed a death yak
 13801 | Lair:3   | Killed a death yak
 14289 | Lair:3   | Reached skill level 15 in Spellcasting
 14619 | Lair:4   | Reached XP level 13. HP: 55/65 MP: 8/34
 14954 | Lair:4   | Reached skill level 16 in Spellcasting
 15845 | Lair:4   | Found a staircase to the Swamp.
 16016 | Lair:5   | Reached skill level 5 in Stealth
 16192 | D:9      | Found a shadowy altar of Dithmenos.
 16206 | D:9      | Noticed Prince Ribbit
 16212 | D:9      | Killed Prince Ribbit
 16380 | D:9      | Found a hazy altar of Hepliaklqana.
 16381 | D:9      | Found a shimmering altar of Xom.
 16880 | D:9      | Found a radiant altar of Vehumet.
 16958 | D:10     | Entered Level 10 of the Dungeon
 17081 | D:10     | Noticed Erolcha
 17086 | D:10     | Killed Erolcha
 17090 | D:10     | Noticed Joseph
 17175 | D:10     | Killed Joseph
 17259 | D:10     | Found Jamor's Weapon Shoppe.
 17307 | D:10     | Noticed Psyche
 17318 | D:10     | Killed Psyche
 17433 | D:10     | Found a staircase to the Orcish Mines.
 17837 | D:9      | Became a worshipper of Vehumet
 18202 | Lair:5   | Reached skill level 17 in Spellcasting
 18425 | Lair:5   | Found a runed translucent door.
 18425 | Lair:5   | Found a viscous altar of Jiyva.
 18425 | Lair:5   | Found a staircase to the Slime Pits.
 18802 | Lair:6   | Entered Level 6 of the Lair of Beasts
 19219 | Lair:5   | Reached XP level 14. HP: 40/70 MP: 28/37
 19366 | Lair:6   | Reached * piety under Vehumet
 19366 | Lair:6   | Offered knowledge of Freeze by Vehumet.
 19602 | Lair:5   | Got a transparent rapier
 19603 | Lair:5   | Identified the +10 rapier of Yzadocs {pierce, rPois} (You
                  | found it on level 5 of the Lair of Beasts)
 19863 | Lair:6   | Slain by a seven-headed hydra

Levels and vault maps discovered:
D:1:      lemuel_arrival_behind_the_door_small, layout_loops_cross,
          minmay_tall_x
D:2:      cheibrodos_helix_gallery, layout_basic, ashenzari_altar_1,
          nicolae_overflow_crystal_walls
D:3:      layout_rooms, lemuel_coloured_pillars_altar, portal_sewer_entry_a,
          first_ration, minmay_joined_circles
D:4:      layout_basic, dancing_weapons_uskayaw, serial_shops,
          nicolae_shop_crystal
D:5:      layout_loops_corners, patterned_corridor
D:6:      layout_loops_ring, kennysheep_mini, minmay_temple_entry_sparse_star,
          uniq_edmund, uniq_blork_the_orc
D:7:      layout_gridville, lemuel_doored_altar, lemuel_round_altar
D:8:      layout_basic, lemuel_round_altar, grunt_gozag_statues,
          dpeg_lair_monsters, serial_shops, shop, nicolae_shop_behind_doors,
          nicolae_shop_overgrown_old_shop, dk_noncrumbling_4, uniq_grum
D:9:      layout_roguey, regret_index_temple_of_mockery,
          nicolae_overflow_hidden_temple, grunt_dithmenos_smoke,
          uniq_prince_ribbit1
D:10:     layout_basic, orc_0_dummy, serial_shops, shop, uniq_maurice,
          uniq_joseph, uniq_erolcha, uniq_psyche
Temple:   corrupted_temple
Lair:1:   layout_misc_corridors, basic_altar, grunt_megastairs_3,
          lemuel_fruit_tree
Lair:2:   layout_regular_city, guppyfry_snake_entry_garden,
          bobbens_dragon_lair_wall
Lair:3:   layout_roguey, minmay_lair_oklob_chamber, serial_bayou_shore_a
Lair:4:   layout_gridlike, nicolae_swamp_entry_splash_gauntlet
Lair:5:   layout_roguey, slime_altar_2, beast_lair_carwin_6
Lair:6:   gammafunk_lair_ancient_temple, layout_gridlike, serial_bayou_lagoon_a,
          ice2_lemuel

Skill      XL: |  1  2  3  4  5  6  7  8  9 10 11 12 13 14 |
---------------+-------------------------------------------+-----
Fire Magic     | 4 5 6 7 8 9 11 12 13 | 13.8
Dodging        | 3 4 5 6 |  6.1
Conjurations   | 2 3 4 6 7 9 10 12 13 14 | 14.0
Spellcasting   | 4 5 6 8 9 11 13 15 17 | 17.4
Shields        | 1 2 3 4 5 |  5.5
Stealth        | 3 4 5 |  5.3
Fighting       | 1 |  1.5
Hexes          | |  0.6

Action                   |  1- 3 |  4- 6 |  7- 9 | 10-12 | 13-15 || total
-------------------------+-------+-------+-------+-------+-------++-------
Melee: Dagger            |       |       |     1 |       |       ||     1
 Cast: Flame Tongue      |    69 |   149 |   234 |   166 |   137 ||   755
       Throw Flame       |     1 |    14 |    10 |    12 |     9 ||    46
       Conjure Flame     |       |     2 |    10 |    12 |     3 ||    27
       Dazzling Spray    |       |       |    10 |       |     2 ||    12
       Sticky Flame      |       |       |    19 |    38 |    48 ||   105
       Fireball          |       |       |    11 |   106 |   139 ||   256
  Use: Scroll            |       |     7 |       |    13 |       ||    20
       Potion            |       |     1 |       |     4 |     1 ||     6
 Stab: Invisible         |       |       |     1 |       |       ||     1
  Eat: Chunk             |     1 |     8 |    17 |    15 |    12 ||    53
       Ration            |       |       |       |     3 |     1 ||     4
Armor: Robe              |     5 |     5 |     7 |     4 |    11 ||    32
Dodge: Dodged            |    13 |    32 |    45 |    56 |    90 ||   236
Block: Buckler           |       |    13 |    19 |    12 |    26 ||    70

Table legend:
 A = Non-vault XP
 B = Vault XP
 C = Vault XP percentage of total XP
 D = Non-vault monster count
 E = Vault monster count
 F = Vault count percentage of total count
                 A         B        C        D         E       F
            +---------+---------+-------+---------+---------+-------
      Total |   46662 |   21976 |  32.0 |     376 |      99 |  20.8
            +---------+---------+-------+---------+---------+-------
        D:1 |      31 |       8 |  20.5 |      19 |       4 |  17.4
        D:2 |      73 |       4 |   5.2 |      23 |       2 |   8.0
        D:3 |     218 |      22 |   9.2 |      29 |      11 |  27.5
        D:4 |     612 |       0 |   0.0 |      29 |       0 |   0.0
        D:5 |     806 |       0 |   0.0 |      26 |       0 |   0.0
        D:6 |     505 |     265 |  34.4 |      15 |       2 |  11.8
        D:7 |     845 |       0 |   0.0 |      20 |       0 |   0.0
        D:8 |    2146 |    3527 |  62.2 |      36 |      12 |  25.0
        D:9 |    4017 |     291 |   6.8 |      42 |       1 |   2.3
       D:10 |    2024 |    1887 |  48.2 |      14 |       3 |  17.6
     Lair:1 |    3753 |       0 |   0.0 |      14 |       0 |   0.0
     Lair:2 |    3101 |    5172 |  62.5 |      16 |      20 |  55.6
     Lair:3 |   10005 |    3339 |  25.0 |      23 |       7 |  23.3
     Lair:4 |    8850 |    1155 |  11.5 |      33 |       6 |  15.4
     Lair:5 |    7526 |    3051 |  28.8 |      30 |      11 |  26.8
     Lair:6 |    2150 |    3141 |  59.4 |       7 |      11 |  61.1
      Sewer |       0 |     114 | 100.0 |       0 |       9 | 100.0
            +---------+---------+-------+---------+---------+-------
